Map: New Repugnancy LE

Players

Mez

  • Race: Terran Terran
  • League: Master
  • Spawn Location: 1:00

Everence - Winner!

  • Race: Zerg Zerg
  • League: Master
  • Spawn Location: 7:00

VOD

Have the link to the VOD?

Description

Time

  • Played on: Aug. 5, 2019, 7:56 a.m.
  • Length: 8:21
Show
View Real Time Build Order
Export as new Build Order

Mez Terran 

Build Orders: Reaper Expand 

Get SALT Encoding   

  12  0:01  SCV  
  13  0:13  SCV  
  14  0:19  Supply Depot  
  14  0:25  SCV  
  15  0:41  SCV  
  15  0:42  Barracks  
  16  0:47  Refinery  
  16  0:53  SCV  
  17  1:05  SCV  
  18  1:17  SCV  
  19  1:30  Reaper, Orbital Command  
  20  1:42  Command Center  
  20  1:53  Supply Depot  
  20  1:56  SCV  
  21  2:02  Barracks Reactor  
  21  2:09  SCV  
  22  2:22  Command Center  
  22  2:25  SCV  
  23  2:44  SCV, Marine x2  
  26  2:52  Barracks  
  26  2:55  Orbital Command  
  26  2:56  SCV  
  27  3:04  Marine x2  
  27  3:05  Engineering Bay  
  29  3:08  SCV  
  30  3:16  Bunker  
  30  3:24  SCV, Marine x2  
  30  3:25  SCV  
  34  3:31  Terran Infantry Weapons Level 1  
  34  3:34  Orbital Command  
  34  3:39  SCV  
  34  3:40  SCV  
  37  3:42  Barracks Tech Lab  
  37  3:46  Marine x2  
  38  3:51  SCV  
  38  3:52  Supply Depot  
  39  4:00  SCV  
  39  4:02  SCV  
  41  4:04  Stimpack, Marine x3  
  41  4:09  SCV  
  45  4:12  SCV  
  45  4:15  Supply Depot  
  46  4:19  SCV  
  46  4:22  SCV  
  46  4:23  Refinery x2  
  47  4:30  SCV  
  47  4:31  SCV  
  49  4:33  Marine x3  
  49  4:34  SCV  
  53  4:43  Factory  
  53  4:44  Barracks  
  52  4:45  Barracks  
  52  4:46  Barracks  
  52  4:47  SCV  
  52  4:48  SCV  
  55  4:53  Orbital Command  
  55  4:59  Missile Turret  
  55  5:00  SCV  
  55  5:02  Marine x3  
  55  5:03  Missile Turret  
  58  5:07  SCV  
  58  5:11  Refinery  
  58  5:12  SCV  
  60  5:19  SCV x2  
  60  5:20  Marine x3  
  65  5:24  SCV  
  66  5:30  Engineering Bay, Armory  
  66  5:31  SCV x2  
  66  5:35  Missile Turret  
  68  5:36  SCV  
  68  5:38  Marine x2  
  68  5:39  Barracks Reactor x3  
  71  5:43  SCV x2  
  71  5:44  Bunker, Marine  
  71  5:48  SCV  
  70  5:54  Orbital Command  
  70  5:55  SCV  
  66  6:01  Marine x2  
  66  6:02  Marine  
  61  6:09  Combat Shield  
  61  6:11  Starport  
  50  6:19  Marine x2  
  50  6:20  Marine  
  50  6:21  Marine x6  
  50  6:35  SCV x3  
  50  6:36  Marine  
  50  6:37  Marine  
  50  6:38  Marine x2  
  50  6:39  Marine x3  
  59  6:41  Marine x2  
  61  6:47  SCV  
  61  6:48  SCV  
  61  6:49  SCV  
  52  6:54  Marine  
  52  6:55  Marine  
  52  6:56  Marine x3  
  52  6:57  Marine  
  52  6:59  SCV  
  54  7:02  Marine x2  
  53  7:14  Factory Reactor  
  48  7:29  Marine x5  
  47  7:30  Marine  
  52  7:38  SCV x3  
  52  7:41  Marine  
  53  7:50  SCV x2  
  45  7:54  SCV  
  37  8:02  SCV x2  
  32  8:06  SCV  
Show
View Real Time Build Order
Export as new Build Order

Everence Zerg - Winner!

Build Orders: Hatch First 

Get SALT Encoding   

  12  0:01  Drone  
  13  0:12  Overlord  
  13  0:17  Drone  
  14  0:30  Drone x2  
  14  0:34  Drone  
  17  0:52  Hatchery  
  17  0:56  Drone  
  17  1:00  Drone  
  18  1:10  Extractor  
  17  1:15  Spawning Pool  
  16  1:20  Drone  
  16  1:21  Drone  
  18  1:31  Drone  
  19  1:39  Drone  
  20  1:50  Overlord  
  20  2:04  Queen x2  
  20  2:06  Zergling x4  
  26  2:10  Metabolic Boost  
  26  2:13  Drone  
  27  2:16  Drone  
  27  2:22  Drone  
  29  2:26  Drone  
  30  2:32  Drone  
  30  2:48  Lair  
  30  2:52  Extractor  
  30  2:53  Extractor  
  30  2:55  Drone  
  30  2:56  Drone x2, Extractor  
  30  3:01  Drone  
  30  3:02  Drone  
  30  3:05  Drone  
  33  3:17  Drone x2  
  35  3:28  Overlord  
  35  3:30  Overlord x2  
  35  3:37  Overlord x2  
  35  3:50  Spire  
  35  3:51  Zergling x6  
  35  3:55  Drone x2  
  39  4:02  Drone x2  
  41  4:05  Drone  
  41  4:08  Drone  
  43  4:11  Drone  
  44  4:21  Zergling x6  
  47  4:29  Overseer  
  45  5:02  Mutalisk x4  
  45  5:03  Mutalisk x5  
  63  5:07  Zergling x4  
  63  5:09  Zergling x2  
  63  5:10  Zergling x2  
  67  5:15  Mutalisk  
  67  5:21  Mutalisk  
  69  5:22  Zergling x2  
  69  5:26  Zergling x2  
  69  5:27  Zergling x2  
  74  5:30  Mutalisk  
  76  5:39  Overlord x2  
  76  5:48  Mutalisk  
  75  5:57  Mutalisk  
  72  6:02  Mutalisk  
  69  6:05  Zergling x8  
  69  6:06  Zergling x4  
  69  6:10  Zergling x6  
  76  6:16  Mutalisk  
  76  6:19  Zergling x2  
  76  6:23  Mutalisk  
  72  6:34  Zergling x4  
  72  6:39  Mutalisk  
  76  6:51  Mutalisk x2  
  67  6:56  Mutalisk  
  65  7:01  Zergling x2  
  65  7:02  Zergling x4  
  65  7:05  Zergling x6  
  71  7:10  Mutalisk  
  73  7:15  Mutalisk  
  73  7:21  Mutalisk  
  74  7:23  Zergling x6  
  74  7:24  Zergling x2  
  74  7:29  Mutalisk  
  78  7:33  Zergling x4  
  78  7:36  Zergling x2  
  81  7:43  Mutalisk  
  80  7:48  Mutalisk  
  80  7:51  Zergling x12  
  79  7:57  Mutalisk  
Tags
 
Add a new tag
Caveats
  • Supply blocks, unpowered buildings, or Contaminate may cause inaccurate times.
  • Supply counts are checked every 10 seconds.